APP
DETROIT (APP) TIGERS @ BLUEFIELD BLUE JAYS
08/29/2047
 
TOP OF THE 1ST
Detroit (APP) Tigers batting - Pitching for Bluefield Blue Jays : RHP Bob Markle
Pitching: RHP Bob Markle
Batting: RHB Billy Verdusco 0-0: Foul Ball, location: 2F
0-1: Ball
1-1: Foul Ball, location: 2F
1-2: Foul Ball, location: 2F
1-2: Foul Ball, location: 2F
1-2: Foul Ball, location: 2F
1-2: Foul Ball, location: 2F
1-2: Ground out 6-3 (Groundball, 6, EV 105.0 MPH)
Batting: RHB Norm Wood 0-0: Called Strike
0-1: Ground out 4-3 (Groundball, 4, EV 105.6 MPH)
Batting: RHB Kevin Steed 0-0: Called Strike
0-1: Ball
1-1: Fly out, F9 (Flyball, 9, EV 90.6 MPH)
Top of the 1st over - 0 runs, 0 hits, 0 errors, 0 left on base; Detroit (APP) 0 - Bluefield 0
BOTTOM OF THE 1ST
Bluefield Blue Jays batting - Pitching for Detroit (APP) Tigers : LHP Satoru Mori
Pitching: LHP Satoru Mori
Batting: RHB Dustin Bargman 0-0: Ground out 6-3 (Groundball, 6, EV 83.1 MPH)
Batting: RHB Mark Noftall 0-0: Foul Ball, location: 2F
0-1: Fly out, F2 (Popup, 13S, EV 83.1 MPH)
Batting: RHB Victor Ayala 0-0: Foul Ball, location: 2F
0-1: Swinging Strike
0-2: Ball
1-2: Ball
2-2: Ground out 6-3 (Groundball, 56, EV 84.4 MPH)
Bottom of the 1st over - 0 runs, 0 hits, 0 errors, 0 left on base; Detroit (APP) 0 - Bluefield 0
TOP OF THE 2ND
Detroit (APP) Tigers batting - Pitching for Bluefield Blue Jays : RHP Bob Markle
Batting: RHB Yasutaka Yamasaki 0-0: Ball
1-0: Foul Ball, location: 2F
1-1: Foul Ball, location: 2F
1-2: Foul Ball, location: 2F
1-2: Foul Ball, location: 2F
1-2: Strikes out swinging
Batting: RHB Juan Acero 0-0: Ball
1-0: Called Strike
1-1: Swinging Strike
1-2: Ball
2-2: Ball
3-2: Foul Ball, location: 2F
3-2: Strikes out swinging
Batting: SHB Salvador Lacosta 0-0: Ground out 2-3 (Groundball, 15S, EV 65.6 MPH)
Top of the 2nd over - 0 runs, 0 hits, 0 errors, 0 left on base; Detroit (APP) 0 - Bluefield 0
BOTTOM OF THE 2ND
Bluefield Blue Jays batting - Pitching for Detroit (APP) Tigers : LHP Satoru Mori
Batting: RHB Terry Plumley 0-0: Ball
1-0: Fly out, F5 (Popup, 5, EV 70.6 MPH)
Batting: RHB Ed Swafford 0-0: Ball
1-0: Ball
2-0: Foul Ball, location: 2F
2-1: Fly out, F8 (Flyball, 89M, EV 97.5 MPH)
Batting: RHB Jake Bronner 0-0: Ball
1-0: Called Strike
1-1: SINGLE (Groundball, 56D, EV 104.4 MPH)
Batting: RHB Bobby Roldan 0-0: Ball
1-0: Ball
Jake Bronner steals 2nd base
2-0: Ball
3-0: Called Strike
3-1: Base on Balls
Batting: RHB Jorge Cruz 0-0: Swinging Strike
0-1: Ball
1-1: Foul Ball, location: 2F
1-2: Fielders Choice at 2nd, 6-4 (Groundball, 56, EV 96.2 MPH)
Bottom of the 2nd over - 0 runs, 1 hit, 0 errors, 2 left on base; Detroit (APP) 0 - Bluefield 0
TOP OF THE 3RD
Detroit (APP) Tigers batting - Pitching for Bluefield Blue Jays : RHP Bob Markle
Batting: RHB Ernst Meloche 0-0: Ball
1-0: Called Strike
1-1: Foul Ball, location: 2F
1-2: Strikes out swinging
Batting: RHB Seth Fox 0-0: Called Strike
0-1: Foul Ball, location: 2F
0-2: Ball
1-2: Foul Ball, location: 2F
1-2: SINGLE (Flyball, 3D, EV 90.6 MPH)
Batting: LHB Timotheus Young 0-0: Ball
1-0: Called Strike
1-1: Ball
2-1: Ball
3-1: Swinging Strike
3-2: Base on Balls
Seth Fox to second
Batting: RHB Billy Verdusco 0-0: Called Strike
0-1: Called Strike
0-2: Fielders Choice at 2nd, 5-4 (Groundball, 56, EV 85.0 MPH)
Seth Fox to third
Batting: RHB Norm Wood 0-0: Fielders Choice at 2nd, 6-4 (Groundball, 6, EV 107.5 MPH)
Top of the 3rd over - 0 runs, 1 hit, 0 errors, 2 left on base; Detroit (APP) 0 - Bluefield 0
BOTTOM OF THE 3RD
Bluefield Blue Jays batting - Pitching for Detroit (APP) Tigers : LHP Satoru Mori
Batting: RHB Luis Vargas 0-0: SINGLE (Groundball, 6MD, EV 103.8 MPH)
Batting: RHB Dustin Bargman 0-0: Ball
1-0: Called Strike
1-1: Called Strike
1-2: Fielders Choice at 2nd, 4-6 (Groundball, 34, EV 87.5 MPH)
Batting: RHB Mark Noftall 0-0: Ground out 6-3 (Groundball, P, EV 95.0 MPH)
Dustin Bargman to second
Batting: RHB Victor Ayala 0-0: Called Strike
0-1: Ball
1-1: Ground out 4-3 (Groundball, 4, EV 87.5 MPH)
Bottom of the 3rd over - 0 runs, 1 hit, 0 errors, 1 left on base; Detroit (APP) 0 - Bluefield 0
TOP OF THE 4TH
Detroit (APP) Tigers batting - Pitching for Bluefield Blue Jays : RHP Bob Markle
Batting: RHB Kevin Steed 0-0: Ball
1-0: Ball
2-0: Ball
3-0: Called Strike
3-1: Foul Ball, location: 2F
3-2: Foul Ball, location: 2F
3-2: Base on Balls
Batting: RHB Yasutaka Yamasaki 0-0: Ball
1-0: Ball
2-0: Foul Ball, location: 2F
2-1: Ball
3-1: Called Strike
3-2: Fly out, F4 (Popup, 34, EV 56.2 MPH)
Batting: RHB Juan Acero 0-0: Swinging Strike
0-1: Swinging Strike
0-2: Strikes out swinging
Batting: SHB Salvador Lacosta 0-0: Swinging Strike
0-1: Fly out, F7 (Flyball, 78M, EV 86.2 MPH)
Top of the 4th over - 0 runs, 0 hits, 0 errors, 1 left on base; Detroit (APP) 0 - Bluefield 0
BOTTOM OF THE 4TH
Bluefield Blue Jays batting - Pitching for Detroit (APP) Tigers : LHP Satoru Mori
Batting: RHB Terry Plumley 0-0: Ball
1-0: Called Strike
1-1: Foul Ball, location: 2F
1-2: Ball
2-2: Ball
3-2: Ground out 4-3 (Groundball, 6, EV 90.6 MPH)
Batting: RHB Ed Swafford 0-0: Ball
1-0: Called Strike
1-1: Fly out, F8 (Flyball, 8LXD, EV 94.4 MPH)
Batting: RHB Jake Bronner 0-0: Reached on error, E6 (Groundball, 6, EV 85.0 MPH)
Batting: RHB Bobby Roldan 0-0: Foul Ball, location: 2F
0-1: Foul Ball, location: 2F
0-2: Ball
1-2: Ball
2-2: Strikes out swinging
Bottom of the 4th over - 0 runs, 0 hits, 1 error, 1 left on base; Detroit (APP) 0 - Bluefield 0
TOP OF THE 5TH
Detroit (APP) Tigers batting - Pitching for Bluefield Blue Jays : RHP Bob Markle
Batting: RHB Ernst Meloche 0-0: Ball
1-0: Foul Ball, location: 2F
1-1: Called Strike
1-2: Foul Ball, location: 2F
1-2: Foul Ball, location: 2F
1-2: Ball
2-2: Ground out 6-3 (Groundball, 6, EV 83.1 MPH)
Batting: RHB Seth Fox 0-0: Ball
1-0: Swinging Strike
1-1: Ball
2-1: Fly out, F8 (Flyball, 8LD, EV 97.5 MPH)
Batting: LHB Timotheus Young 0-0: Swinging Strike
0-1: Ground out 4-3 (Groundball, 4, EV 92.5 MPH)
Top of the 5th over - 0 runs, 0 hits, 0 errors, 0 left on base; Detroit (APP) 0 - Bluefield 0
BOTTOM OF THE 5TH
Bluefield Blue Jays batting - Pitching for Detroit (APP) Tigers : LHP Satoru Mori
Batting: RHB Jorge Cruz 0-0: Ball
1-0: Ball
2-0: Foul Ball, location: 2F
2-1: Called Strike
2-2: Strikes out swinging
Batting: RHB Luis Vargas 0-0: Ball
1-0: Called Strike
1-1: Called Strike
1-2: Ball
2-2: Foul Ball, location: 2F
2-2: Foul Ball, location: 2F
2-2: Ball
3-2: Foul Ball, location: 2F
3-2: Strikes out swinging
Batting: RHB Dustin Bargman 0-0: Ball
1-0: Called Strike
1-1: Fly out, F8 (Line Drive, 89M, EV 92.5 MPH)
Bottom of the 5th over - 0 runs, 0 hits, 0 errors, 0 left on base; Detroit (APP) 0 - Bluefield 0
TOP OF THE 6TH
Detroit (APP) Tigers batting - Pitching for Bluefield Blue Jays : RHP Bob Markle
Batting: RHB Billy Verdusco 0-0: Ball
1-0: Ball
2-0: Called Strike
2-1: Ball
3-1: Swinging Strike
3-2: Foul Ball, location: 2F
3-2: Foul Ball, location: 2F
3-2: Base on Balls
Batting: RHB Norm Wood 0-0: Ground out 6-3 (Groundball, 56, EV 103.8 MPH)
Billy Verdusco to second
Batting: RHB Kevin Steed 0-0: Ball
1-0: Called Strike
1-1: Swinging Strike
1-2: Strikes out swinging
Batting: RHB Yasutaka Yamasaki 0-0: Foul Ball, location: 2F
0-1: Foul Ball, location: 2F
0-2: Ball
1-2: Ground out 5-3 (Groundball, 5L, EV 86.2 MPH)
Top of the 6th over - 0 runs, 0 hits, 0 errors, 1 left on base; Detroit (APP) 0 - Bluefield 0
BOTTOM OF THE 6TH
Bluefield Blue Jays batting - Pitching for Detroit (APP) Tigers : LHP Satoru Mori
Batting: RHB Mark Noftall 0-0: Foul Ball, location: 2F
0-1: Ball
1-1: Ball
2-1: Foul Ball, location: 2F
2-2: Ball
3-2: Base on Balls
Batting: RHB Victor Ayala 0-0: Called Strike
0-1: Fly out, F6 (Line Drive, 6, EV 66.2 MPH)
Batting: RHB Terry Plumley 0-0: Ball
1-0: Fly out, F9 (Flyball, 89S, EV 84.4 MPH)
Batting: RHB Ed Swafford 0-0: Ball
1-0: Ball
2-0: Fly out, F9 (Flyball, 9D, EV 93.1 MPH)
Bottom of the 6th over - 0 runs, 0 hits, 0 errors, 1 left on base; Detroit (APP) 0 - Bluefield 0
TOP OF THE 7TH
Detroit (APP) Tigers batting - Pitching for Bluefield Blue Jays : RHP Bob Markle
Batting: RHB Juan Acero 0-0: Foul Ball, location: 2F
0-1: Foul Ball, location: 2F
0-2: SINGLE (Line Drive, 4M, EV 95.0 MPH)
Batting: SHB Salvador Lacosta 0-0: Called Strike
0-1: Ball
1-1: SINGLE (Groundball, 56D, EV 98.1 MPH)
Juan Acero to second
Pitching: RHP Bill Couch
Batting: RHB Ernst Meloche 0-0: Ball
1-0: DOUBLE (Flyball, 8LD, EV 101.9 MPH)
Juan Acero scores
Salvador Lacosta to third
Batting: RHB Seth Fox 0-0: Intentional Walk
Batting: LHB Timotheus Young 0-0: Ball
1-0: Fly out, F9 (Flyball, 9S, EV 94.4 MPH)
Batting: RHB Billy Verdusco 0-0: Swinging Strike
0-1: Ball
1-1: Ball
2-1: Foul Ball, location: 2F
2-2: Strikes out looking
Batting: RHB Norm Wood 0-0: Fielders Choice at 2nd, U6 (Groundball, 6M, EV 86.9 MPH)
Top of the 7th over - 1 run, 3 hits, 0 errors, 3 left on base; Detroit (APP) 1 - Bluefield 0
BOTTOM OF THE 7TH
Bluefield Blue Jays batting - Pitching for Detroit (APP) Tigers : LHP Satoru Mori
Batting: RHB Jake Bronner 0-0: Called Strike
0-1: Called Strike
0-2: Foul Ball, location: 2F
0-2: DOUBLE (Line Drive, 9LM, EV 99.4 MPH)
Batting: RHB Bobby Roldan 0-0: SINGLE (Line Drive, 7LS, EV 98.1 MPH)
Jake Bronner to third
Pinch Hitting: LHB Lothar Middelkoop 0-0: Ball
1-0: Ball
2-0: Foul Ball, location: 2F
2-1: Called Strike
Bobby Roldan is caught stealing 2nd base 2-6
2-2: Ball
3-2: SINGLE (Groundball, 56, EV 112.5 MPH)
Jake Bronner scores
Batting: RHB Luis Vargas 0-0: Called Strike
0-1: Called Strike
0-2: Ball
1-2: Ball
2-2: Ball
3-2: Base on Balls
Lothar Middelkoop to second
Pitching: LHP Jim Belcher
Batting: RHB Dustin Bargman 0-0: Ground out 6-3 (Groundball, P, EV 81.9 MPH)
Lothar Middelkoop to third
Luis Vargas to second
Batting: RHB Mark Noftall 0-0: Ball
1-0: Foul Ball, location: 2F
1-1: Ball
2-1: Fly out, F8 (Flyball, 8LS, EV 85.0 MPH)
Bottom of the 7th over - 1 run, 3 hits, 0 errors, 2 left on base; Detroit (APP) 1 - Bluefield 1
TOP OF THE 8TH
Detroit (APP) Tigers batting - Pitching for Bluefield Blue Jays : RHP Bill Couch
Now at 2B: Dustin Bargman
Now at 3B: Lothar Middelkoop
Now at SS: Bobby Roldan
Batting: RHB Kevin Steed 0-0: SINGLE (Line Drive, 6M, EV 110.6 MPH)
Pinch Hitting: LHB Afanasy Zasekin 0-0: Swinging Strike
0-1: Ball
1-1: Ball
2-1: Ball
3-1: DOUBLE (Line Drive, 9LD, EV 103.8 MPH)
Kevin Steed to third
Batting: RHB Juan Acero 0-0: Intentional Walk
Pinch Hitting: LHB Glen Boyle 0-0: Ball
1-0: Foul Ball, location: 2F
1-1: Called Strike
1-2: Foul Ball, location: 2F
1-2: Strikes out swinging
Batting: RHB Ernst Meloche 0-0: Swinging Strike
0-1: Ball
1-1: Foul Ball, location: 2F
1-2: Ball
2-2: Fly out, F8 (Line Drive, 8RM, EV 92.5 MPH)
Pinch Hitting: RHB Brandon Everett 0-0: Foul Ball, location: 2F
0-1: Ball
1-1: Ball
2-1: Swinging Strike
2-2: Foul Ball, location: 2F
2-2: Strikes out swinging
Top of the 8th over - 0 runs, 2 hits, 0 errors, 3 left on base; Detroit (APP) 1 - Bluefield 1
BOTTOM OF THE 8TH
Bluefield Blue Jays batting - Pitching for Detroit (APP) Tigers : LHP Jim Belcher
Now at 2B: Brandon Everett
Now in LF: Isao Fukui
Now in RF: Afanasy Zasekin
Batting: RHB Victor Ayala 0-0: Ball
1-0: Foul Ball, location: 2F
1-1: Foul Ball, location: 2F
1-2: Foul Ball, location: 2F
1-2: Ball
2-2: Ball
3-2: Ground out 5-3 (Groundball, 5L, EV 98.1 MPH)
Batting: RHB Terry Plumley 0-0: Ball
1-0: Swinging Strike
1-1: Swinging Strike
1-2: Ball
2-2: Foul Ball, location: 2F
2-2: Fly out, F7 (Line Drive, 78M, EV 86.2 MPH)
Batting: RHB Ed Swafford 0-0: SINGLE (Groundball, 6D, EV 105.0 MPH)
Batting: RHB Jake Bronner 0-0: Ball
1-0: 2-RUN HOME RUN (Flyball, 7D, EV 101.2 MPH), Distance : 373 ft
Batting: RHB Bobby Roldan 0-0: Swinging Strike
0-1: Called Strike
0-2: Ball
1-2: Ball
2-2: Foul Ball, location: 2F
2-2: Ground out 6-3 (Groundball, 6MS, EV 65.6 MPH)
Bottom of the 8th over - 2 runs, 2 hits, 0 errors, 0 left on base; Detroit (APP) 1 - Bluefield 3
TOP OF THE 9TH
Detroit (APP) Tigers batting - Pitching for Bluefield Blue Jays : RHP Bill Couch
Pitching: RHP Josh Long
Now at 1B: Terry Plumley
Now in RF: Mike Chamberlain
Pinch Hitting: RHB Nate Dabney 0-0: Called Strike
0-1: Fly out, F9 (Flyball, 9LS, EV 86.9 MPH)
Batting: RHB Billy Verdusco 0-0: Ball
1-0: Ground out 3-1 (Groundball, 34S, EV 80.6 MPH)
Batting: RHB Norm Wood 0-0: Ball
1-0: Foul Ball, location: 2F
1-1: Called Strike
1-2: Ball
2-2: Strikes out looking
Top of the 9th over - 0 runs, 0 hits, 0 errors, 0 left on base; Detroit (APP) 1 - Bluefield 3
Thursday, December 15th , 2022 - OOTP Baseball 23.9 Build 102